 Dungeon Sprint DCSS version 0.21-a0-52-gbf49515 (webtiles) character file.

44952 Kidiri the Brawler (level 13, -9/152 HPs)
             Began as a Troll Monk on June 13, 2017.
             Was the Champion of Wu Jian.
             Mangled by a death yak (24 damage)
             ... summoned by a spriggan berserker
             ... in the Dungeon (Sprint V: "Ziggurat Sprint").
             The game lasted 00:25:55 (1687 turns).

Kidiri the Brawler (Troll Monk)                     Turns: 1687, Time: 00:25:56

Health: -9/152     AC: 32    Str: 28    XL:     13   Next: 99%
Magic:  29/29      EV:  7    Int:  6    God:    Wu Jian [******]
Gold:   10         SH: 32    Dex: 20    Spells: 12/12 levels left

rFire    + + .     SeeInvis +     - Unarmed
rCold    + . .     Gourm    +   I - +18 shield of the Gong {rElec rN+ MR+ EV-5}
rNeg     + + .     Faith    .   H - +9 gold dragon scales
rPois    +         Spirit   .   N - +2 hat {SInv}
rElec    +         Reflect  .   l - scarf {repulsion}
rCorr    .         Harm     .   (gloves unavailable)
MR       ++...     NoTele   +   (boots unavailable)
Stlth    ..........             (no amulet)
Regen    0.8/turn               a - ring "Geopp" {rF+ rN+ MP+9 Dex+4}
MPRegen  0.3/turn               B - +6 ring of strength

@: exhausted, berserk cooldown, slowed, glowing, studying Shields, repel
missiles, heavenly storm, very slow
A: unfitting armour, claws 3, blink, fast metabolism 3, gourmand, magic
resistance 1, regeneration 1, shaggy fur 1, tough skin 2
a: Blink, Serpent's Lash, Heavenly Storm, Renounce Religion


You were in the Dungeon.
You worshipped Wu Jian.
Wu Jian was exalted by your worship.
You were very full.

You visited 1 branch You collected 10 gold pieces.

Inventory:

Armour
 l - a scarf of repulsion (worn)
 H - +9 gold dragon scales (worn)
 I - the +18 shield of the Gong (worn) {rElec rN+ MR+ EV-5}
   (You found it in the Dungeon)

   It affects your evasion (-5).
   It insulates you from electricity.
   It protects you from negative energy.
   It affects your resistance to hostile enchantments.
 N - a +2 hat of see invisible (worn)
 P - a +1 cloak
Jewellery
 a - the ring "Geopp" (left claw) {rF+ rN+ MP+9 Dex+4}
   (You found it in the Dungeon)

   [ring of magical power]

   It affects your dexterity (+4).
   It protects you from fire.
   It protects you from negative energy.
   It affects your magic capacity (+9).
 x - a +6 ring of dexterity
 y - a +6 ring of dexterity
 B - a +6 ring of strength (right claw)
 C - a +6 ring of strength
Wands
 D - a wand of disintegration (7/24)
 E - a wand of iceblast (4/15)
 F - a wand of lightning (5/15)
 G - a wand of acid (4/15)
 J - a wand of polymorph (12/24)
 O - a wand of lightning (0/15)
Scrolls
 h - 4 scrolls of blinking
 o - 4 scrolls of amnesia
 p - 3 scrolls of recharging
 q - 7 scrolls of fog
 r - a scroll of holy word
 s - 2 scrolls of identify
 t - 5 scrolls of remove curse
 u - 2 scrolls of fear
Potions
 c - 10 potions of curing
 d - 6 potions of heal wounds
 e - 10 potions of haste
 f - 7 potions of magic
 g - 3 potions of berserk rage
 i - 2 potions of brilliance
 j - 2 potions of invisibility
 k - 4 potions of resistance
 m - 6 potions of agility
 n - 6 potions of might
Books
 A - a manual of Shields
Comestibles
 b - 6 bread rations
 v - 42 fruits
 w - 4 meat rations
 z - 4 chunks of flesh


   Skills:
 * Level 15.6 Fighting
 + Level 11.4 Armour
 * Level 15.7 Dodging
 - Level 1.0 Stealth
 + Level 12.6 Shields
 * Level 18.3 Unarmed Combat
 + Level 11.6 Evocations


You had 12 spell levels left.
You didn't know any spells.

Dungeon Overview and Level Annotations

Branches:
Dungeon (1/1)

Altars:
Ashenzari
Cheibriados
Dithmenos
Elyvilon
Fedhas
Gozag
Hepliaklqana
Kikubaaqudgha
Makhleb
Nemelex Xobeh
Okawaru
Qazlal
Ru
Sif Muna
Trog
Uskayaw
Vehumet
Wu Jian
Xom
Yredelemnul
Zin
The Shining One
Beogh
Jiyva
Lugonu

Annotations:
D exclusion: oklob plant


Innate Abilities, Weirdness & Mutations

You are too large for most types of armour.
You have claws for hands.
Your metabolism is lightning-fast.
You like to eat raw meat.
Your natural rate of healing is unusually fast.
You are covered in fur. (AC +1)
You have very tough skin. (AC +2)
You can translocate small distances at will.
You are resistant to hostile enchantments. (MR+)


Message History

Unknown command.
You scratch the spriggan druid.
The spriggan druid is severely wounded.
The spriggan berserker is no longer regenerating.
The spriggan berserker is no longer resistant to hostile enchantments.
You block the spriggan berserker's attack.
GONNNNG!
You block the death yak's attack.
BONNNG!
The spriggan druid hits you but does no damage.
You claw the spriggan druid!
With its final breath, the spriggan druid offers up its power to the beasts of the wild!
The death yak seems to grow more fierce.
The dire elephant seems to grow more fierce.
You kill the spriggan druid!
The Council accepts your kill.
You block the spriggan berserker's attack.
GONNNNG!
The death yak gores you!!
You die...

▓..:P[|}[ ▓...
▓.............▓..▓
▓.............▓.▓▓
▓.............▓..▓
▓.............▓...
▓...s.........▓▓▓▓
▓§§▓.Y.....▓ ▓...
▓§▓▓▓.....▓▓ ▓..:
▓@Y▓fYi....▓..▓...
▓iii§.†.......▓...
▓§Yf§.........▓...
▓▓▓▓▓▓▓▓▓▓▓▓▓▓▓...
▓... ▓..▓ ▓...
▓... ▓▓▓▓


You could see a dire elephant, a thorn hunter, a death yak (berserk), a spriggan
rider, a spriggan berserker (berserk) and a spriggan air mage.

Vanquished Creatures
  Rupert (D)
  Agnes (D)
  Kirke (D)
  Gastronok (D)
  2 vampire knights (D)
  A lorocyproca (D)
  A spark wasp (D)
  2 spriggan air magi (D)
  2 naga warriors (D)
  A hydra (D)
  An anaconda (D)
  Erica (D)
  A dancing weapon (D)
  3 hell hogs (D)
  2 vampire magi (D)
  A thrashing horror (D)
  6 spriggan berserkers (D)
  3 deep elf knights (D)
  2 wretched stars (D)
  A skeletal warrior (D)
  2 spriggan druids (D)
  5 deep elf magi (D)
  A necromancer (D)
  2 orb spiders (D)
  A deep elf archer (D)
  4 wolf spiders (D)
  Maurice (D)
  Psyche (D)
  3 black mambas (D)
  2 torpor snails (D)
  2 spiny frogs (D)
  A rime drake (D)
  2 komodo dragons (D)
  2 demonic crawlers (D)
  3 hornets (D)
  4 jumping spiders (D)
  A polar bear (D)
  Grinder (D)
  3 hippogriffs (D)
  7 tarantellas (D)
  2 large abominations (D)
  An air elemental (D)
  5 redbacks (D)
  4 fire elementals (D)
  A yak (D)
  Eustachio (D)
  3 neqoxecs (D)
  A naga (D)
  2 hell hounds (D)
  3 water moccasins (D)
  Purgy (D)
  2 porcupines (D)
  2 orc warriors (D)
  An eye of draining (D)
  4 wolves (D)
  2 crocodiles (D)
  Blork the orc (D)
  A bullfrog (D)
  2 earth elementals (D)
  2 wights (D)
  2 crimson imps (D)
  A quasit (D)
  3 orc wizards (D)
  Ijyb (D)
  Jessica (D)
  4 iguanas (D)
  An adder (D)
  A river rat (D)
  5 ufetubi (D)
  An ooze (D)
  An adder zombie (D)
  An adder skeleton (D)
  An orc (D)
  2 ball pythons (D)
  2 bat skeletons (D)
  A jackal (D)
  A ball python zombie (D)
  A jackal skeleton (D)
  A fire vortex (D)
154 creatures vanquished.

Vanquished Creatures (others)
  A hell hog (D)
  A demonic crawler (D)
  3 briar patches (D)
  A butterfly (D)
  A fire vortex (D)
7 creatures vanquished.

Grand Total: 161 creatures vanquished

Notes
Turn   | Place    | Note
-------+----------+-------------------------------------------
     0 | D        | Kidiri the Troll Monk began the quest for the Orb.
     0 | D        | Reached XP level 1. HP: 22/22 MP: 0/0
     0 | D        | Found a deep blue altar of Sif Muna.
     0 | D        | Found a bloodstained altar of Trog.
     0 | D        | Found a sacrificial altar of Ru.
     0 | D        | Found a stormy altar of Qazlal.
     0 | D        | Found an iron altar of Okawaru.
     1 | D        | Found a sparkling altar of Nemelex Xobeh.
     1 | D        | Found a blossoming altar of Fedhas.
     3 | D        | Found a transporter.
     3 | D        | Found an ancient bone altar of Kikubaaqudgha.
     3 | D        | Found a viscous altar of Jiyva.
     3 | D        | Found a corrupted altar of Lugonu.
     3 | D        | Found a hazy altar of Hepliaklqana.
     3 | D        | Found a burning altar of Makhleb.
     3 | D        | Found an opulent altar of Gozag.
    82 | D        | Became a worshipper of the Wu Jian Council
    82 | D        | Reached * piety under Wu Jian
    82 | D        | Reached ** piety under Wu Jian
    97 | D        | Reached skill level 1 in Armour
    97 | D        | Reached skill level 1 in Shields
    97 | D        | Reached skill level 4 in Unarmed Combat
    97 | D        | Reached XP level 2. HP: 32/32 MP: 1/1
    98 | D        | Entered arena 2.
    98 | D        | Noticed an eye of draining
    98 | D        | Found a transporter.
   105 | D        | Killed an eye of draining
   105 | D        | Reached skill level 5 in Unarmed Combat
   105 | D        | Reached XP level 3. HP: 41/41 MP: 0/2
   105 | D        | Reached XP level 4. HP: 49/49 MP: 0/3
   144 | D        | Entered arena 3.
   144 | D        | Noticed a fire elemental
   144 | D        | Noticed a hell hound
   144 | D        | Found a transporter.
   152 | D        | Killed a hell hound
   152 | D        | Reached skill level 5 in Fighting
   152 | D        | Reached skill level 5 in Dodging
   152 | D        | Reached skill level 6 in Unarmed Combat
   152 | D        | Reached XP level 5. HP: 24/58 MP: 4/4
   156 | D        | Killed a fire elemental
   156 | D        | Reached *** piety under Wu Jian
   156 | D        | Reached skill level 7 in Unarmed Combat
   156 | D        | Reached XP level 6. HP: 10/68 MP: 5/5
   161 | D        | Got the cursed ring of the Good {EV-3 Str+4 Stlth+}
   267 | D        | Entered arena 4.
   267 | D        | Noticed a wretched star
   267 | D        | Found a transporter.
   278 | D        | Killed a wretched star
   278 | D        | Reached **** piety under Wu Jian
   278 | D        | Reached skill level 5 in Shields
   278 | D        | Reached skill level 9 in Unarmed Combat
   278 | D        | Reached XP level 7. HP: 71/71 MP: 6/6
   284 | D        | Got the ring "Geopp" {rF+ rN+ MP+9 Dex+4}
   317 | D        | Entered arena 5.
   317 | D        | Noticed an air elemental
   317 | D        | Noticed a deep elf knight
   317 | D        | Noticed a deep elf archer
   317 | D        | Noticed a deep elf mage
   317 | D        | Found a transporter.
   319 | D        | Killed an air elemental
   319 | D        | Reached skill level 5 in Armour
   319 | D        | Reached XP level 8. HP: 79/88 MP: 7/7
   323 | D        | Killed a deep elf knight
   323 | D        | Reached skill level 10 in Unarmed Combat
   324 | D        | Killed a deep elf mage
   324 | D        | Reached XP level 9. HP: 98/98 MP: 8/8
   333 | D        | Killed a deep elf archer
   333 | D        | Reached ***** piety under Wu Jian
   333 | D        | Reached skill level 11 in Unarmed Combat
   348 | D        | Got the ring of Eternal Harmony {Int+2 Dex+2}
   385 | D        | Entered arena 6.
   385 | D        | Found a transporter.
   415 | D        | Entered arena 7.
   416 | D        | Found a transporter.
   428 | D        | Reached ****** piety under Wu Jian
   454 | D        | Entered arena 8.
   455 | D        | Found a transporter.
   482 | D        | Entered arena 9.
   482 | D        | Noticed a hell hog
   482 | D        | Noticed a hell hog
   482 | D        | Noticed a hell hog
   482 | D        | Noticed a hell hog
   486 | D        | Reached skill level 10 in Fighting
   486 | D        | Reached skill level 10 in Dodging
   487 | D        | Killed a hell hog
   487 | D        | Reached skill level 12 in Unarmed Combat
   488 | D        | Reached XP level 10. HP: 62/110 MP: 8/10
   489 | D        | Found a transporter.
   489 | D        | Killed a hell hog
   493 | D        | Killed a hell hog
   495 | D        | Killed a hell hog
   606 | D        | Entered arena 10.
   609 | D        | Found a transporter.
   625 | D        | Reached skill level 13 in Unarmed Combat
   646 | D        | Got the ring "Ahic" {Fire +Fly rPois Slay-4 SInv}
   652 | D        | Entered arena 11.
   652 | D        | Noticed a dire flail of crushing
   652 | D        | Noticed a deep elf knight
   652 | D        | Noticed a deep elf mage
   652 | D        | Noticed a deep elf knight
   652 | D        | Noticed a deep elf mage
   652 | D        | Noticed a deep elf mage
   652 | D        | Noticed a deep elf mage
   657 | D        | Found a transporter.
   657 | D        | Killed a dire flail of crushing
   658 | D        | Killed a deep elf mage
   658 | D        | Reached skill level 5 in Evocations
   659 | D        | Killed a deep elf mage
   665 | D        | Killed a deep elf knight
   665 | D        | Reached XP level 11. HP: 90/120 MP: 12/14
   672 | D        | Killed a deep elf knight
   676 | D        | Killed a deep elf mage
   681 | D        | Killed a deep elf mage
   705 | D        | Got the ring "Fiptebua" {Ice -Tele rElec rN+}
   745 | D        | Entered arena 12.
   745 | D        | Noticed a vampire knight
   745 | D        | Noticed a vampire mage
   745 | D        | Noticed a vampire knight
   746 | D        | Found a transporter.
   746 | D        | Noticed a skeletal warrior
   746 | D        | Noticed a necromancer
   746 | D        | Noticed a vampire mage
   752 | D        | Killed a vampire knight
   752 | D        | Reached skill level 14 in Unarmed Combat
   756 | D        | Killed a skeletal warrior
   756 | D        | Killed a necromancer
   757 | D        | Killed a vampire knight
   758 | D        | Killed a vampire mage
   759 | D        | Killed a vampire mage
   847 | D        | Entered arena 13.
   847 | D        | Noticed a naga warrior
   848 | D        | Noticed an anaconda
   850 | D        | Noticed a naga warrior
   851 | D        | Found a transporter.
   861 | D        | Killed an anaconda
   867 | D        | Reached skill level 15 in Unarmed Combat
   867 | D        | Reached XP level 12. HP: 122/133 MP: 15/17
   868 | D        | Killed a naga warrior
   876 | D        | Killed a naga warrior
   916 | D        | Entered arena 14.
   917 | D        | Noticed a spark wasp
   929 | D        | Killed a spark wasp
   952 | D        | Found a transporter.
   977 | D        | Entered arena 15.
   984 | D        | Noticed a lorocyproca
   989 | D        | Killed a lorocyproca
   990 | D        | Reached skill level 16 in Unarmed Combat
   996 | D        | Gained mutation: Your magical capacity is low. (-10% MP) [a neqoxec]
  1004 | D        | Found a transporter.
  1023 | D        | Got the ring "Palet" {+Inv rElec rC+ rN+ Str+4 Dex-2}
  1092 | D        | Entered arena 16.
  1094 | D        | Noticed a six-headed hydra
  1104 | D        | Reached skill level 10 in Shields
  1104 | D        | Reached skill level 10 in Armour
  1110 | D        | Found a transporter.
  1116 | D        | Killed a 12-headed hydra
  1162 | D        | Got the ring of the Ancient Coins {+Fly Str+4}
  1224 | D        | Entered arena 17.
  1227 | D        | Noticed Gastronok
  1227 | D        | Noticed Maurice
  1227 | D        | Noticed Rupert
  1227 | D        | Noticed Blork the orc
  1227 | D        | Noticed Erica
  1227 | D        | Noticed Psyche
  1228 | D        | Noticed Ijyb
  1228 | D        | Noticed Kirke
  1228 | D        | Noticed Eustachio
  1228 | D        | Noticed Agnes
  1228 | D        | Noticed Grinder
  1234 | D        | Killed Psyche
  1234 | D        | Reached skill level 10 in Evocations
  1235 | D        | Killed Erica
  1235 | D        | Reached XP level 13. HP: 133/146 MP: 17/17
  1235 | D        | Noticed Jessica
  1236 | D        | Killed Grinder
  1236 | D        | Noticed Purgy
  1237 | D        | Killed Purgy
  1242 | D        | Killed Maurice
  1243 | D        | Killed Agnes
  1252 | D        | Killed Rupert
  1252 | D        | Reached skill level 17 in Unarmed Combat
  1254 | D        | Killed Eustachio
  1255 | D        | Killed Jessica
  1258 | D        | Killed Ijyb
  1263 | D        | Killed Blork the orc
  1265 | D        | Killed Kirke
  1267 | D        | Killed Gastronok
  1272 | D        | Found a transporter.
  1372 | D        | Lost mutation: Your magical capacity is low. (-10% MP) [potion of mutation]
  1372 | D        | Gained mutation: You are resistant to hostile enchantments. (MR+) [potion of mutation]
  1372 | D        | Gained mutation: You can translocate small distances at will. [potion of mutation]
  1432 | D        | Entered arena 18.
  1443 | D        | Reached skill level 15 in Dodging
  1447 | D        | Reached skill level 15 in Fighting
  1475 | D        | Found a transporter.
  1558 | D        | Got the ring "Veyzxino" {+Blink rF+ rN+++ MP-9 Int-3}
  1647 | D        | Entered arena 19.
  1654 | D        | Noticed a dire elephant
  1657 | D        | Noticed an apis
  1657 | D        | Noticed a thorn hunter
  1673 | D        | Reached skill level 18 in Unarmed Combat
  1684 | D        | HP: 7/150 [spriggan air mage/the air (10)]
  1687 | D        | Mangled by a death yak

Vault maps used:
D:        sprint_v

Skill      XL: |  1  2  3  4  5  6  7  8  9 10 11 12 13 |
---------------+----------------------------------------+-----
Fighting       | 3 4 5 6 7 8 9 10 11 12 14 15 | 15.6
Armour         | 1 2 3 4 5 6 7 9 10 11 | 11.4
Dodging        | 3 4 5 6 7 8 9 10 11 12 14 15 | 15.7
Shields        | 1 2 3 5 6 7 9 10 12 | 12.6
Unarmed Combat | 4 5 6 7 9 10 12 13 15 16 18 | 18.3
Evocations     | 2 5 8 10 11 | 11.6
Stealth        | |  1.0

Action                   |  1- 3 |  4- 6 |  7- 9 | 10-12 | 13-15 || total
-------------------------+-------+-------+-------+-------+-------++-------
Melee: Unarmed           |     8 |    27 |    78 |   285 |   196 ||   594
       Punch             |       |     1 |       |       |       ||     1
Invok: Heavenly Storm    |       |       |       |     5 |     1 ||     6
       Serpent's Lash    |       |       |       |       |     2 ||     2
Evoke: Wand              |       |       |     1 |     1 |       ||     2
  Use: Potion            |     1 |     1 |       |     1 |     6 ||     9
       Scroll            |       |       |       |       |     7 ||     7
 Stab: Sleeping          |     2 |       |       |       |       ||     2
  Eat: Chunk             |       |       |     6 |    12 |     4 ||    22
Armor: Robe              |       |     7 |       |       |       ||     7
       Gold dragon scale |       |       |     5 |    64 |   107 ||   176
Dodge: Dodged            |     2 |    31 |     2 |    21 |    70 ||   126
Block: Shield            |       |       |    40 |   212 |   196 ||   448
